 Dungeon Crawl Stone Soup version 0.26.1-16-g4e020e15dc (webtiles) character file.

Game seed: 9378635175090698108

186333 Froggeryz the Unseen (level 18, -6/126 HPs)
             Began as an Octopode Berserker on Feb 28, 2023.
             Was an Elder of Trog.
             Blown up by an orb spider (33 damage)
             ... with an orb of destruction
             ... on level 1 of the Spider Nest on Mar 2, 2023.
             The game lasted 01:04:25 (42297 turns).

Froggeryz the Unseen (Octopode Berserker)          Turns: 42297, Time: 01:04:26

Health: -6/126     AC:  1    Str: 24    XL:     18   Next: 5%
Magic:  0/18       EV: 31    Int: 15    God:    Trog [****..]
Gold:   2639       SH:  8    Dex: 17    Spells: 17/17 levels left

rFire    . . .     SeeInvis +   b - +9 quick blade (vorpal)
rCold    + + .     Faith    .   z - +0 buckler
rNeg     . . .     Spirit   +   y - +0 mask of the Dragon {Will+ Slay+3 SInv}
rPois    +         Reflect  .   c - amulet of guardian spirit
rElec    .         Harm     .   j - +4 ring of slaying
rCorr    .         Rampage  .   a - ring of Qeuxion {+Fly rPois EV+4 Str+6 Dex-4}
Will     +++..                  v - ring of stealth
Stlth    ++++++++..             C - ring of willpower
HPRegen  0.31/turn              T - ring "Bakhiqapoi" {Wiz Int+5 Dex+4}
MPRegen  0.16/turn              D - ring "Pess" {Wiz rC+}
                                o - +4 ring of evasion
                                V - ring of protection from cold

@: lethally poisoned (-6 -> -9), studying 2 skills
A: almost no armour, stealthy swim, amphibious, 8 rings, constrict 8, camouflage
1, gelatinous body 1
}: 1/15 runes: decaying
a: Renounce Religion, Evoke Flight, Berserk, Trog's Hand, Brothers in Arms


You were on level 1 of the Spider Nest.
You worshipped Trog.
Trog was greatly pleased with you.
You visited 5 branches of the dungeon, and saw 28 of its levels.
You also visited: Trove and Gauntlet.

You collected 3220 gold pieces.
You spent 581 gold pieces at shops.

Inventory:

Hand Weapons
 b - a +9 vorpal quick blade (weapon)
Missiles
 f - 92 poisoned darts
 A - 2 boomerangs of dispersal
 J - 20 silver javelins
 Q - 23 boomerangs (quivered)
 R - 14 javelins
 U - 11 curare-tipped darts
Armour
 y - the +0 mask of the Dragon (worn) {Will+ Slay+3 SInv}
   (You acquired it on level 9 of the Dungeon)

   It affects your accuracy and damage with ranged weapons and melee attacks
   (+3).
   It affects your willpower, your defense against some magical effects.
   It lets you see invisible.
 z - a +0 buckler (worn)
 P - a +0 kite shield of reflection
Jewellery
 a - the ring of Qeuxion (right tentacle) {+Fly rPois EV+4 Str+6 Dex-4}
   (You took it off an orc priest on level 4 of the Dungeon)

   [ring of evasion]

   It affects your evasion (+4).
   It affects your strength (+6).
   It affects your dexterity (-4).
   It protects you from poison.
   It lets you fly.
 c - an amulet of guardian spirit (around mantle)
 j - a +4 ring of slaying (left tentacle)
 o - a +4 ring of evasion (on tentacle)
 v - a ring of stealth (on tentacle)
 C - a ring of willpower (on tentacle)
 D - the ring "Pess" (on tentacle) {Wiz rC+}
   (You took it off a minotaur in a Gauntlet)

   [ring of wizardry]

   It improves your spell success rate.
   It protects you from cold.
 T - the ring "Bakhiqapoi" (on tentacle) {Wiz Int+5 Dex+4}
   (You found it in a Gauntlet)

   [ring of wizardry]

   It improves your spell success rate.
   It affects your intelligence (+5).
   It affects your dexterity (+4).
 V - a ring of protection from cold (on tentacle)
 X - the ring "Voguir" {Ice rElec}
   (You found it in a Gauntlet)

   [ring of ice]

   It enhances your ice magic.
   It makes you vulnerable to fire.
   It protects you from cold.
   It insulates you from electricity.
Wands
 q - a wand of paralysis (12)
 x - a wand of iceblast (27)
 E - a wand of acid (19)
 H - a wand of digging (12)
 W - a wand of flame (61)
Scrolls
 d - 6 scrolls of magic mapping
 h - a scroll of holy word {unknown}
 k - 12 scrolls of remove curse
 n - 18 scrolls of teleportation
 s - 3 scrolls of enchant weapon
 u - 4 scrolls of enchant armour
 w - 9 scrolls of fear
 G - 2 scrolls of blinking
 I - 5 scrolls of immolation
 K - 5 scrolls of fog
 S - a scroll of summoning
 Y - 4 scrolls of silence
Potions
 e - 15 potions of curing
 i - 3 potions of flight
 m - 5 potions of might
 p - 2 potions of ambrosia
 r - 5 potions of heal wounds
 t - 2 potions of resistance
 B - 3 potions of cancellation
 F - 2 potions of haste
 L - 5 potions of mutation
 Z - a potion of invisibility
Books
 g - a manual of Dodging
 l - a manual of Evocations
Miscellaneous
 M - a lightning rod (4/4)
 N - a phantom mirror
 O - a condenser vane


   Skills:
 + Level 12.4 Fighting
 - Level 14.5 Short Blades
 - Level 8.0 Throwing
 + Level 13.5 Dodging
 - Level 16.0 Stealth
 - Level 15.8 Shields
 + Level 9.0 Evocations


You had 17 spell levels left.
You didn't know any spells.
Your spell library contained the following spells:

 Spells                   Type           Power        Failure   Level
 Confusing Touch          Hex            0%           21%         3
 Gell's Gravitas          Tloc           0%           21%         3
 Petrify                  Tmut/Erth      0%           54%         4
 Metabolic Englaciation   Hex/Ice        0%           85%         5
 Yara's Violent Unravell  Hex/Tmut       0%           85%         5


Dungeon Overview and Level Annotations

Branches:
Dungeon (15/15)            Temple (0/1) D:7            Lair (6/6) D:9
  Swamp (4/4) Lair:2       Spider (1/4) Lair:2        Slime (0/5) Lair:6
    Orc (2/2) D:10            Elf (0/3) Orc:2        Vaults (0/5) D:14
 Depths (0/5) D:15        Gauntlet (visited)

Altars:
Dithmenos
Elyvilon
Fedhas
Gozag
Hepliaklqana
Makhleb
Ru
Trog
Uskayaw
Vehumet
Wu Jian
Xom
Zin
The Shining One
Beogh

Shops:
D:5 !   D:13 ?   D:14 (   Orc:1 !   Orc:2 [=*(

Portals:
Abyss: D:8

Annotations:
D:8 NoiZ's ghost, novice MiFi
Swamp:2 Roxanne
Orc:1 1 runed translucent door, Rorov's ghost, journeyman MiFi


Innate Abilities, Weirdness & Mutations

You cannot wear most types of armour.
You are very stealthy in the water. (Stealth+)
You are amphibious.
You can wear up to eight rings at the same time.
You can use your tentacles to constrict eight enemies at once.
Your skin changes colour to match your surroundings (Stealth+).
Your rubbery body absorbs attacks. (AC +1, EV +1)


Message History

You throw a boomerang.
The boomerang closely misses the orb spider.
Throw: 24 boomerangs
Press: ? - help, Q - select action, (/) - cycle Shift-Dir - straight line, f/p - orb spider
Aim: an orb spider (heavily wounded, fully charged, extremely poisoned, 74% to hit)
You throw a boomerang. The boomerang hits the orb spider!
The orb spider is severely wounded.
You feel sick.
The orb spider weaves a glowing orb of energy.
An orb of destruction comes into view.
Throw: 23 boomerangs
Press: ? - help, Q - select action, (/) - cycle Shift-Dir - straight line, f/p - orb spider
Aim: an orb spider (severely wounded, extremely poisoned, 74% to hit)
You throw a boomerang. The boomerang hits the orb spider!!
You kill the orb spider!
Trog accepts your kill.
You feel sick.
Your Evocations skill increases to level 9!
You feel sick. The orb of destruction hits you!!!
You die...

....# ..... .^........^!.
....### ###.(..........
.#....####..............
........#...............
.......###..............
.......^##.......(.......
#....^..###.......○......
^..<.#†..#......@○.......
.........................
...#...........†††.......
........#.##...†††.......
.^........###..†.=.......
#.........#.#......##...
...............#..## ..^
.................## ..
.................##


There were no monsters in sight!

Vanquished Creatures
  Jorgrun (D:14)
  Donald (Swamp:1)
  Kirke (Swamp:2)
  A fire giant (D:15)
  Louise (Swamp:1)
  An orc warlord (Orc:2)
  A minotaur (Gauntlet)
  3 bunyips
  5 eleionomae
  An ettin (D:14)
  2 shambling mangroves (Swamp:4)
  28 hydras
  A vault guard (D:15)
  4 boulder beetles
  5 centaur warriors
  A ghost crab (Swamp:4)
  4 catoblepae
  8 alligators
  A death knight (D:12)
  A tengu warrior (D:13)
  7 two-headed ogres
  Urug (D:10)
  12 death yaks
  3 orc high priests
  A lindwurm (Lair:4)
  4 skeletal warriors
  A spriggan druid (Swamp:1)
  6 goliath frogs
  2 unseen horrors
  A deep troll (D:14)
  10 swamp dragons
  2 bog bodies
  An orange crystal statue (D:10)
  6 orc knights
  21 ugly things
  5 wolf spiders (Spider:1)
  12 deep elf magi
  4 orc sorcerers
  An orb spider (shapeshifter) (D:15)
  2 orb spiders
  2 will-o-the-wisps (Swamp:1)
  An oklob plant (Lair:1)
  7 manticores
  2 cyclopes
  4 black mambas
  Joseph (D:7)
  14 cane toads
  A torpor snail (Gauntlet)
  2 gargoyles
  3 rime drakes
  A kobold demonologist (D:12)
  2 demonic crawlers (Spider:1)
  3 freezing wraiths
  5 yaktaurs
  2 komodo dragons
  An ancient zyme (D:8)
  3 polar bears
  A tengu conjurer (D:13)
  A meliai (shapeshifter) (D:14)
  6 jumping spiders (Spider:1)
  A bloated husk (Swamp:3)
  13 tyrant leeches
  14 hornets
  8 trolls
  Grinder (D:6)
  22 blink frogs
  A raiju (shapeshifter) (D:14)
  Sigmund (D:2)
  2 ynoxinuls (Gauntlet)
  A vampire (D:15)
  10 spriggans
  A wraith (D:12)
  16 redbacks (Spider:1)
  6 shadows
  3 humans (Swamp:2)
  4 wyverns
  58 yaks
  3 basilisks
  7 tarantellas (Spider:1)
  2 hogs (Swamp:2)
  11 vampire mosquitoes
  6 wargs
  4 small abominations (D:8)
  A soldier ant (shapeshifter) (D:14)
  20 swamp worms
  2 acid dragons (D:11)
  20 water moccasins
  10 swamp drakes
  34 orc warriors
  2 sky beasts
  4 black bears
  2 eyes of draining (D:11)
  2 ice beasts
  2 necrophages
  3 phantoms
  15 wolves
  29 centaurs
  9 ogres
  Blork the orc (D:6)
  A big kobold (D:7)
  19 bullfrogs
  A wyvern zombie (D:13)
  5 scorpions
  2 wyvern skeletons
  2 troll zombies (D:10)
  4 killer bees (D:12)
  9 wights
  An electric eel (D:6)
  6 howler monkeys
  A crimson imp (D:8)
  6 centaur zombies
  8 bullfrog zombies
  A bullfrog skeleton (D:11)
  4 jellies
  12 hounds
  Crazy Yiuf (D:6)
  4 iron imps (Gauntlet)
  20 orc priests
  5 centaur skeletons
  Jessica (D:2)
  6 iguanas
  27 orc wizards
  8 worker ants
  6 ogre zombies (D:10)
  2 hound zombies
  Robin (D:2)
  4 gnolls (D:6)
  3 howler monkey skeletons
  12 adders
  2 white imps
  An ufetubus (D:9)
  2 adder skeletons
  3 worms
  5 dart slugs
  6 leopard geckos
  102 orcs
  6 giant cockroaches
  5 goblins
  5 hobgoblins
  10 jackals
  16 kobolds
  6 quokkas
  A ball python (D:5)
  3 bats
  5 frilled lizards
  A goblin skeleton (D:10)
  3 goblin zombies (D:10)
  2 hobgoblin skeletons (D:10)
  3 hobgoblin zombies (D:10)
  A leopard gecko skeleton (D:5)
  A leopard gecko zombie (D:6)
  An orc skeleton (D:10)
  15 orc zombies (D:10)
  A quokka skeleton (D:7)
  A quokka zombie (D:5)
  10 rats
985 creatures vanquished.

Vanquished Creatures (collateral kills)
  An orc sorcerer (Orc:1)
  4 blink frogs (Lair:4)
  An orc priest (Orc:1)
  5 orcs
11 creatures vanquished.

Vanquished Creatures (others)
  A spriggan (Swamp:4)
  An orc wizard (D:4)
  A hound zombie (D:7)
  A demonic plant (Gauntlet)
  10 foxfires (Swamp:1)
  20 fungi
  24 plants
58 creatures vanquished.

Grand Total: 1054 creatures vanquished

Notes
Turn   | Place    | Note
-------+----------+-------------------------------------------
     0 | D:1      | Froggeryz the Octopode Berserker began the quest for the
                  | Orb.
     0 | D:1      | Reached XP level 1. HP: 16/16 MP: 1/1
   313 | D:1      | Reached XP level 2. HP: 19/21 MP: 2/2
   347 | D:1      | Reached skill level 1 in Stealth
  1230 | D:2      | Found an ornate altar of the Wu Jian Council.
  1237 | D:2      | Noticed Jessica
  1248 | D:2      | Reached XP level 3. HP: 6/26 MP: 3/3
  1250 | D:2      | Killed Jessica
  1251 | D:2      | Reached skill level 2 in Stealth
  1530 | D:2      | Reached XP level 4. HP: 31/31 MP: 4/4
  1541 | D:2      | Reached ** piety under Trog
  1623 | D:2      | Noticed Sigmund
  1901 | D:2      | Found an opulent altar of Gozag.
  2058 | D:2      | Killed Sigmund
  2059 | D:2      | Reached skill level 5 in Short Blades
  2059 | D:2      | Reached skill level 3 in Stealth
  2059 | D:2      | Reached XP level 5. HP: 37/37 MP: 5/5
  2059 | D:2      | Reached XP level 6. HP: 43/43 MP: 6/6
  2125 | D:2      | Noticed Robin
  2132 | D:2      | Found a glowing golden altar of the Shining One.
  2140 | D:2      | Killed Robin
  2275 | D:3      | Found a bloodstained altar of Trog.
  2316 | D:3      | Reached skill level 4 in Stealth
  2332 | D:3      | HP: 2/43 [kobold/+0 dagger (3)]
  2553 | D:3      | Found a glowing silver altar of Zin.
  2950 | D:4      | Found a radiant altar of Vehumet.
  3156 | D:4      | Reached XP level 7. HP: 36/49 MP: 4/7
  3245 | D:4      | Identified the ring of Qeuxion {+Fly rPois EV+4 Str+6
                  | Dex-4}
  3372 | D:4      | Found a white marble altar of Elyvilon.
  3392 | D:4      | Reached *** piety under Trog
  3982 | D:5      | Entered Level 5 of the Dungeon
  4060 | D:5      | Reached skill level 5 in Fighting
  4373 | D:5      | Found Civaf's Distillery.
  4376 | D:5      | Bought a potion of degeneration for 13 gold pieces
  5413 | D:6      | Reached XP level 8. HP: 43/55 MP: 5/8
  5543 | D:6      | Noticed Blork the orc
  5549 | D:6      | Killed Blork the orc
  6306 | D:6      | Reached skill level 5 in Dodging
  6335 | D:6      | Found a runed translucent door.
  6336 | D:6      | Noticed Crazy Yiuf
  6377 | D:6      | Noticed Grinder
  6387 | D:6      | Killed Grinder
  6437 | D:6      | Reached XP level 9. HP: 59/62 MP: 9/9
  6525 | D:6      | Killed Crazy Yiuf
  6601 | D:7      | Found a glowing golden altar of the Shining One.
  6665 | D:7      | Reached **** piety under Trog
  7089 | D:7      | Found a staircase to the Ecumenical Temple.
  7177 | D:7      | Found a shadowy altar of Dithmenos.
  7243 | D:7      | Noticed Joseph
  7258 | D:7      | Killed Joseph
  7566 | D:8      | Found a transporter.
  7771 | D:7      | Reached skill level 10 in Short Blades
  8067 | D:8      | Reached XP level 10. HP: 62/71 MP: 7/10
  8130 | D:8      | Found a sacrificial altar of Ru.
  8147 | D:8      | Reached ***** piety under Trog
  8230 | D:8      | Found a transporter.
  8463 | D:8      | Identified the +1 broad axe of Magnificence {distort,
                  | Stlth+}
  8507 | D:8      | Found a blossoming altar of Fedhas.
  8583 | D:8      | Found a shimmering altar of Xom.
  8583 | D:8      | Found a burning altar of Makhleb.
  8797 | D:8      | Found a one-way gate to the infinite horrors of the Abyss.
  8797 | D:8      | Noticed NoiZ's ghost (novice MiFi)
 10146 | D:9      | Found a staircase to the Lair.
 10153 | D:9      | Identified a scroll of acquirement
 10154 | D:9      | Acquired the +0 mask of the Dragon {Will+ Slay+3 SInv}
 10155 | D:9      | Found the +0 mask of the Dragon {Will+ Slay+3 SInv}
 10260 | D:9      | Noticed a cyan ugly thing
 10268 | D:9      | Killed a cyan ugly thing
 10339 | D:9      | Found a hide-covered altar of Uskayaw.
 10507 | D:9      | Noticed a deep elf mage
 10514 | D:9      | Killed a deep elf mage
 10515 | D:9      | Reached XP level 11. HP: 78/78 MP: 11/11
 10724 | D:10     | Entered Level 10 of the Dungeon
 10777 | D:10     | Received a gift from Trog
 10923 | D:10     | Found a staircase to the Orcish Mines.
 11194 | D:10     | Noticed an orange crystal statue
 11288 | D:10     | Noticed Urug
 11306 | D:10     | Killed Urug
 12164 | D:10     | Killed an orange crystal statue
 12333 | Orc:1    | Entered Level 1 of the Orcish Mines
 12334 | Orc:1    | Noticed an orc sorcerer
 12336 | Orc:1    | Killed an orc sorcerer
 12336 | Orc:1    | Noticed an orc high priest
 12495 | D:10     | Noticed a soul eater
 12497 | D:10     | Killed an orc high priest
 12659 | Orc:1    | Noticed an orc high priest
 12661 | Orc:1    | Received a gift from Trog
 12812 | Orc:1    | Noticed an orc sorcerer
 12815 | Orc:1    | Killed an orc high priest
 12816 | Orc:1    | Reached skill level 10 in Fighting
 12816 | Orc:1    | Noticed an orc knight
 12834 | D:10     | Reached XP level 12. HP: 52/87 MP: 8/12
 13384 | Orc:1    | Found a runed translucent door.
 13385 | Orc:1    | Found a shimmering altar of Xom.
 13385 | Orc:1    | Noticed Rorov's ghost (journeyman MiFi)
 13470 | Orc:1    | Found Gonteyr's Distillery.
 13919 | D:11     | HP: 2/87 [centaur (9)]
 14228 | Lair:1   | Entered Level 1 of the Lair of Beasts
 14252 | Lair:1   | You fall into a shaft and drop 1 floor!
 14265 | Lair:2   | Reached skill level 10 in Dodging
 14603 | Lair:1   | Noticed a four-headed hydra
 14626 | Lair:1   | Killed a four-headed hydra
 14693 | Lair:1   | You fall into a shaft and drop 1 floor!
 14729 | Lair:1   | Reached skill level 1 in Throwing
 14861 | Lair:1   | Noticed a four-headed hydra
 14868 | Lair:1   | Killed a four-headed hydra
 14869 | Lair:1   | Reached skill level 1 in Evocations
 15558 | Lair:1   | Found a bloodstained altar of Trog.
 15563 | Lair:1   | Reached XP level 13. HP: 92/92 MP: 13/13
 16320 | Lair:2   | Found a hole to the Spider Nest.
 16331 | Lair:2   | Reached skill level 5 in Throwing
 16684 | Lair:2   | Reached ****** piety under Trog
 16778 | Lair:2   | Found a staircase to the Swamp.
 17063 | Swamp:1  | Entered Level 1 of the Swamp
 17161 | Lair:3   | Received a gift from Trog
 17685 | Lair:3   | Reached skill level 5 in Evocations
 18499 | Lair:4   | Found a gate leading to a gauntlet.
 18516 | Gauntlet | Entered a Gauntlet
 18516 | Gauntlet | Found a transporter.
 18516 | Gauntlet | Found a transporter.
 18712 | Gauntlet | Found a transporter.
 18727 | Gauntlet | Found a transporter.
 18743 | Gauntlet | Found a transporter.
 18745 | Gauntlet | Found a transporter.
 18748 | Gauntlet | Found a transporter.
 18748 | Gauntlet | Found a transporter.
 18760 | Gauntlet | Noticed a great orb of eyes
 18764 | Gauntlet | Found a transporter.
 18780 | Gauntlet | Found a transporter.
 18782 | Gauntlet | Noticed a blizzard demon
 18790 | Gauntlet | Found a transporter.
 18804 | Gauntlet | Found a transporter.
 18824 | Gauntlet | Found a transporter.
 18825 | Gauntlet | Found a runed translucent door.
 18836 | Gauntlet | Found a transporter.
 18886 | Gauntlet | Got a scorched marble ring
 18889 | Gauntlet | Identified the ring "Bakhiqapoi" {Wiz Int+5 Dex+4} (You
                  | found it in a Gauntlet)
 19014 | Gauntlet | Got a spiked hat
 19242 | Gauntlet | Identified the ring "Pess" {Wiz rC+}
 19242 | Gauntlet | Noticed a minotaur
 19252 | Gauntlet | Killed a minotaur
 19291 | Gauntlet | Got a vibrating granite ring
 20158 | Lair:4   | Reached skill level 5 in Stealth
 20455 | Lair:4   | Reached skill level 6 in Stealth
 21081 | Lair:5   | Identified the ring "Voguir" {Ice rElec} (You found it in a
                  | Gauntlet)
 21193 | Lair:5   | Reached XP level 14. HP: 91/99 MP: 12/14
 21205 | Lair:5   | Reached skill level 7 in Stealth
 21766 | Lair:5   | Reached skill level 8 in Stealth
 22051 | Lair:6   | Entered Level 6 of the Lair of Beasts
 22180 | Lair:6   | Reached skill level 9 in Stealth
 22274 | Lair:6   | Identified the cursed +0 hat of Masochism {rC- rN+ rCorr
                  | Str+8} (You found it in a Gauntlet)
 22390 | Lair:6   | Received a gift from Trog
 22732 | Lair:6   | Found a staircase to the Slime Pits.
 23201 | Lair:6   | Reached skill level 10 in Stealth
 24273 | Lair:6   | Reached skill level 11 in Stealth
 25174 | Orc:2    | Entered Level 2 of the Orcish Mines
 25174 | Orc:2    | Found a staircase to the Elven Halls.
 25442 | Orc:2    | Found a roughly hewn altar of Beogh.
 25523 | Orc:2    | Found a burning altar of Makhleb.
 25727 | Orc:2    | Received a gift from Trog
 25908 | Orc:2    | Noticed an orc warlord
 25979 | Orc:2    | Found a roughly hewn altar of Beogh.
 26305 | Orc:2    | Killed an orc warlord
 26358 | Orc:2    | Found Zyveipha's Jewellery Emporium.
 26362 | Orc:2    | Found Luec Vogg's Antique Armour Emporium.
 26371 | Orc:2    | Found Ufeutecw's Antique Weapon Emporium.
 26462 | Orc:2    | Found Temom's General Store.
 26469 | Orc:2    | Bought a scroll of brand weapon for 320 gold pieces
 26469 | Orc:2    | Bought a +0 buckler for 72 gold pieces
 26480 | Orc:2    | Bought a scroll of fog for 32 gold pieces
 26480 | Orc:2    | Bought a potion of curing for 48 gold pieces
 26480 | Orc:2    | Bought a potion of might for 64 gold pieces
 26480 | Orc:2    | Bought a scroll of identify for 32 gold pieces
 26759 | Orc:1    | Reached skill level 12 in Stealth
 26759 | Orc:1    | Reached XP level 15. HP: 106/106 MP: 15/15
 26770 | Orc:1    | Reached skill level 1 in Shields
 27442 | D:11     | Found a hazy altar of Hepliaklqana.
 27726 | D:11     | Reached skill level 5 in Shields
 28049 | D:11     | Reached skill level 13 in Stealth
 29248 | D:12     | Received a gift from Trog
 30150 | D:13     | Reached skill level 14 in Stealth
 31007 | D:13     | Found Hulaacut's Magic Scroll Shoppe.
 31225 | D:14     | Reached XP level 16. HP: 112/112 MP: 16/16
 31524 | D:14     | Found a gate to the Vaults.
 31571 | D:14     | Noticed Jorgrun
 31588 | D:14     | Killed Jorgrun
 31589 | D:14     | Reached skill level 10 in Shields
 31921 | D:14     | Reached skill level 15 in Stealth
 31938 | D:14     | Got a polished lajatang
 31966 | D:14     | Found Liox Lom's Antique Weapon Shop.
 32060 | D:14     | Identified the +4 lajatang of Zak Ukhlu {pain, Dex+4} (You
                  | found it on level 14 of the Dungeon)
 32487 | D:15     | Entered Level 15 of the Dungeon
 33122 | D:15     | Received a gift from Trog
 33742 | D:15     | Identified the cursed +0 dagger of Jiqihuek {vorpal, Dex+3}
 34472 | D:15     | Found a staircase to the Depths.
 34489 | D:15     | Reached skill level 16 in Stealth
 34701 | D:15     | Found a portal to a secret trove of treasure.
 34776 | Trove    | Entered a treasure trove
 35405 | Swamp:1  | Identified the +10 plate armour "Ritu Waaq" {Harm Int+7}
 35409 | Swamp:1  | Noticed Louise
 35474 | Swamp:1  | Noticed Donald
 36193 | Swamp:1  | Killed Louise
 36337 | Swamp:1  | Identified the +3 chain mail of the Eight Boll Weevils
                  | {*Corrode rN+ Regen+}
 36700 | Swamp:1  | Killed Donald
 36701 | Swamp:1  | Reached XP level 17. HP: 16/119 MP: 1/17
 37395 | Swamp:2  | Noticed Kirke
 37406 | Swamp:2  | Reached * piety under Trog
 37414 | Swamp:2  | Noticed a sphinx
 37414 | Swamp:2  | Killed Kirke
 37635 | Swamp:2  | Identified Roxanne's Handbook of Transformation
 37635 | Swamp:2  | Noticed Roxanne
 39583 | Swamp:4  | Entered Level 4 of the Swamp
 40883 | Swamp:4  | Reached skill level 15 in Shields
 41841 | Swamp:4  | Got a decaying rune of Zot
 41982 | Spider:1 | Entered Level 1 of the Spider Nest
 42257 | Spider:1 | Reached XP level 18. HP: 100/126 MP: 12/18
 42297 | Spider:1 | Blown up by an orb spider

Illustrated notes

Levels and vault maps discovered:
D:1:      saegor_arrival_simple_e, layout_loops_corners
D:2:      layout_rooms, tso_altar, old_standard_altar,
          nicolae_overflow_hidden_temple, minmay_strange_pillars,
          minmay_surrounded, uniq_jessica, uniq_robin, uniq_sigmund
D:3:      layout_basic, old_standard_altar, lemuel_round_altar
D:4:      layout_rooms, lemuel_round_altar, kennysheep_mini, chequers_big_river
D:5:      layout_layer_cave, serial_shops, nicolae_shop_behind_doors
D:6:      layout_gridville, nrook_mini_backslash, nicolae_lava_and_water,
          uniq_crazy_yiuf_cottage, uniq_grinder, uniq_blork_the_orc
D:7:      layout_loops_ring, grunt_dithmenos_shadows, lemuel_temple_firewalk_b,
          basic_altar, lemuel_flamethrower_2, uniq_joseph
D:8:      layout_basic, grunt_temple_overflow_champion_of_chaos, fedhas_altar_1,
          lemuel_doored_altar, gammafunk_ghost_abyssal_escape, st_stairs_2
D:9:      layout_basic, marbit_many_paths, grunt_lair_entry_orc_guard_hut,
          minmay_librarian
D:10:     layout_cave_pools, zombieorc2_lemuel, minmay_protected_statue,
          uniq_urug
D:11:     minmay_the_grid_octo_tiled_octocenter [minmay_the_grid_octo_horde,
          minmay_the_grid_octo_empty, minmay_the_grid_octo_vomiting_pacman,
          minmay_the_grid_octo_focus,
          minmay_the_grid_octo_prize_ultimate_mussel_roller,
          minmay_the_grid_square_5x5_empty, minmay_the_grid_square_5x5_shuriken,
          minmay_the_grid_square_5x5_spiral_small,
          minmay_the_grid_square_5x5_fat_x], layout_long_grid
D:12:     layout_loops_corners, corexii_checkpoint_a, elves_outpost_lemuel
D:13:     layout_loops_ring, serial_shops, shop
D:14:     layout_basic, david_vaults_4, hangedman_decor_opposing, serial_shops,
          shop, uniq_jorgrun
D:15:     grunt_enter_depths_giant_problem, layout_rooms, corexii_corridor_pit,
          enter_trove_5
Lair:1:   layout_gridlike, lemuel_oklob_altar, serial_bayou_shore_a,
          grunt_megastairs_2, infiniplex_staircase_pool_2
Lair:2:   layout_long_grid, minmay_swamp_entry_worms,
          nicolae_spider_entry_orb_guardian
Lair:3:   layout_cave_pods, portal_ice_cave_entry_pillars_1
Lair:4:   layout_layer_cave, gauntlet_entry_generic
Lair:5:   layout_hall_layers, serial_bayou_pond_b
Lair:6:   evilmike_catoblepas_cave, layout_cave_pods, slime_dummy,
          chequers_serial_rivers_small_3
Swamp:1:  layout_falls_marsh, evilmike_swamp_ruin_house_2, uniq_louise,
          uniq_donald
Swamp:2:  layout_basic_swamp, evilmike_swamp_ruin_house_1, swamp_pool1,
          infiniplex_staircase_pool, uniq_roxanne, uniq_kirke
Swamp:3:  layout_basic_swamp, hangedman_swamp_lotus, swamp_pool1
Swamp:4:  swamp, layout_basic_swamp
Spider:1: layout_spider_delve
Orc:1:    layout_caves, serial_shops, nicolae_shop_trees, ebering_ghost_xom,
          nicolae_orc_tapped_out
Orc:2:    grunt_orc_cross, layout_caves, basic_altar, bloody_makhleb

Skill      XL: |  1  2  3  4  5  6  7  8  9 10 11 12 13 14 15 16 17 18 |
---------------+-------------------------------------------------------+-----
Stealth        | 1 2 3 4 6 12 14 16 | 16.0
Short Blades   | 4 5 6 8 10 11 13 14 | 14.5
Fighting       | 4 5 6 7 8 10 11 12 | 12.4
Dodging        | 4 5 6 8 9 10 11 13 | 13.5
Throwing       | 4 8 |  8.0
Evocations     | 3 6 8 9 |  9.0
Shields        | 9 12 15 | 15.8

Action                   |  1- 3 |  4- 6 |  7- 9 | 10-12 | 13-15 | 16-18 || total
-------------------------+-------+-------+-------+-------+-------+-------++-------
Melee: Short sword       |    44 |    96 |   199 |   579 |   456 |       ||  1374
       Constrict         |    13 |    21 |    43 |    73 |   129 |   111 ||   390
       Tentacles         |     9 |    18 |    42 |   163 |   299 |   288 ||   819
       Quick blade       |       |       |       |       |   404 |   879 ||  1283
Throw: Dart              |       |     2 |    17 |    19 |    81 |    23 ||   142
       Boomerang         |       |       |       |     4 |     6 |     3 ||    13
Invok: Trog's Hand       |       |     2 |     1 |     1 |     3 |       ||     7
       Berserk           |       |     2 |       |     5 |     3 |       ||    10
Evoke: Wand              |       |       |       |     2 |     3 |     3 ||     8
       Condenser vane    |       |       |       |       |       |     1 ||     1
  Use: Scroll            |     4 |     1 |     7 |     9 |    22 |     8 ||    51
       Potion            |       |     2 |       |     1 |       |     1 ||     4
 Stab: Sleeping          |     5 |    13 |    18 |    23 |    55 |    27 ||   141
       Distracted        |       |       |       |       |    12 |     9 ||    21
Armor: Skin              |       |     7 |     6 |     5 |     9 |     7 ||    34
Dodge: Dodged            |    27 |    58 |   101 |   333 |   431 |   429 ||  1379
Block: Buckler           |       |       |       |       |    32 |   165 ||   197
